 Dungeon Crawl Stone Soup version 0.19-a0-742-g4563caa (webtiles) character file.

3368 HaroldButt the Carver (level 9, 0/61 HPs)
             Began as a Mummy Gladiator on June 23, 2016.
             Was an Initiate of Gozag.
             Slain by an orc warrior
             ... wielding a cursed -1 war axe
              (6 damage)
             ... on level 7 of the Dungeon.
             The game lasted 00:31:23 (9568 turns).

HaroldButt the Carver (Mummy Gladiator)             Turns: 9568, Time: 00:31:24

Health: 0/61       AC:  9    Str: 19    XL:     9   Next: 73%
Magic:  9/9        EV: 15    Int:  8    God:    Gozag
Gold:   660        SH:  5    Dex: 14    Spells: 0 memorised, 8 levels left

rFire  . . .     SeeInvis .     a - +0 long sword (freeze)
rCold  + + .     Gourm    .     w - +2 leather armour {rF+}
rNeg   + + +     Faith    .     l - +0 buckler
rPois  ∞         Spirit   .     c - +0 helmet
rElec  .         Dismiss  .     p - +1 cloak {rPois}
rCorr  .         Reflect  .     (no gloves)
SustAt .         Harm     .     o - +0 pair of boots
MR     +....                    (no amulet)
Stlth  ++........               B - ring of stealth (curse)
                                i - ring of protection from cold

@: somewhat resistant to hostile enchantments, unstealthy
A: no food or potions, fire vulnerability, cold resistance 1, negative energy
resistance 3, torment resistance, unbreathing
a: Potion Petition, Call Merchant, Bribe Branch, Renounce Religion


You were on level 7 of the Dungeon.
You worshipped Gozag.
Gozag was noncommittal.
You were not hungry.

You visited 2 branches of the dungeon, and saw 10 of its levels.
You also visited: Sewer.

You collected 815 gold pieces.
You spent 80 gold pieces at shops.
You paid 75 gold pieces to Gozag.

Inventory:

Hand Weapons
 a - a +0 long sword of freezing (weapon)
 n - a +0 whip of venom
Missiles
 e - 165 stones (quivered)
 f - 35 poisoned needles
Armour
 c - a +0 helmet (worn)
 g - a +0 plate armour
 k - a +1 scale mail of positive energy
 l - a +0 buckler (worn)
 o - a +0 pair of boots (worn)
 p - a +1 cloak of poison resistance (worn)
 w - a +2 leather armour of fire resistance (worn)
 F - the +0 chain mail of Risamotz {rPois MR+++ Str-5 Int+3}
   (You found it on level 8 of the Dungeon)

   It affects your strength (-5).
   It affects your intelligence (+3).
   It protects you from poison.
   It affects your resistance to hostile enchantments.
Jewellery
 b - an uncursed ring of sustain attributes
 i - a ring of protection from cold (left hand)
 A - a cursed -3 ring of evasion {unknown}
 B - a cursed ring of stealth (right hand)
Wands
 r - a wand of digging (17/24)
 t - a wand of flame (22/48)
 z - a wand of digging (6/24)
 D - a wand of random effects (29/48)
Scrolls
 h - 2 scrolls of identify
 j - a scroll of blinking
 m - 3 scrolls of magic mapping
 q - a scroll of fear
 s - a scroll of amnesia
 u - 4 scrolls of teleportation
 x - 5 scrolls of remove curse
 C - a scroll of brand weapon
 E - a scroll of enchant weapon {unknown}
Books
 v - a book of Envenomations

   Spells                             Type                      Level
   a - Spider Form                    Transmutation/Poison         3
   b - Olgreb's Toxic Radiance        Poison                       4
   c - Alistair's Intoxication        Transmutation/Poison         5
   d - Poisonous Cloud                Conjuration/Poison/Air       6
 y - a Grand Grimoire

   Spells                             Type                      Level
   a - Monstrous Menagerie            Summoning                    7
   b - Summon Greater Demon           Summoning                    7
   c - Malign Gateway                 Summoning/Translocation      7
   d - Summon Horrible Things         Summoning                    8


   Skills:
 - Level 2.0 Fighting
 - Level 10.0 Long Blades
 - Level 1.5 Throwing
 + Level 5.5 Dodging
 - Level 4.0 Shields


You had 8 spell levels left.
You didn't know any spells.

Dungeon Overview and Level Annotations

Branches:
Dungeon (9/15)             Temple (1/1) D:5
   Lair: D:8-11         Orc: D:9-12

Altars:
Cheibriados
Elyvilon
Fedhas
Gozag
Hepliaklqana
Nemelex Xobeh
Okawaru
Pakellas
Qazlal
Ru
Sif Muna
Trog
Xom
Yredelemnul
Zin
The Shining One

Shops:
D:4 :=[   D:5 }

Annotations:
D:5 1 runed door


Innate Abilities, Weirdness & Mutations

You do not eat or drink.
Your flesh is vulnerable to fire.
You are immune to poison.
Your flesh is cold resistant. (rC+)
You are immune to negative energy. (rN+++)
You are immune to unholy pain and torment.
You can survive without breathing.


Message History

You closely miss the orc warrior.
You block the orc warrior's attack. [a] - 0 gold - heal wounds [b] - 0 gold - heal wounds [c] - 0 gold - haste and flight Purchase which effect?
You feel much better. The orc warrior closely misses you.
You closely miss the orc warrior.
The orc warrior hits you with a war axe.
You completely miss the orc warrior.
You hit the orc warrior but do no damage.
The orc warrior hits you with a war axe!
You hit the orc warrior but do no damage.
The orc warrior hits you with a war axe!
You barely miss the orc warrior.
The orc warrior hits you with a war axe!
* * * LOW HITPOINT WARNING * * *
You closely miss the orc warrior.
The orc warrior hits you with a war axe.
You die...
Your body crumbles into a pile of gold.

#....[<#..........##)##
..##..##..........##.#
.##...##....?....##(.#
....#............##.##
.................##.#
....#...#.#####...#.#
..........# #......[####
#...##...####.##o#.....#
#.##.....##...##@#.....#
#..>......!.####...)[..#
#.........#####.....>..#
..#......## ##.......[##
.##.......# #.........#
###.......###.........#
###........##.........#
.......##.............#
##....................#


You could see an orc warrior.

Vanquished Creatures
  2 hippogriffs
  Menkaure (D:6)
  Duvessa (D:6)
  An orc warrior (D:7)
  2 sky beasts
  A necrophage (D:7)
  A phantom (D:5)
  2 ogres
  A centaur (D:9)
  2 crocodiles
  The ghost of Tiamon the Caller, an amateur TeSu (D:3)
  4 giant frogs
  Dowan (D:6)
  A scorpion (D:3)
  6 wights (D:6)
  2 howler monkeys (D:7)
  8 crimson imps
  A quasit (D:6)
  A centaur zombie (D:6)
  3 jellies
  Crazy Yiuf (D:6)
  A giant frog zombie (D:7)
  A gnoll shaman (D:5)
  A hound (D:4)
  8 orc wizards
  2 iguanas
  5 worker ants
  A hound zombie (D:5)
  A hound skeleton (D:8)
  Robin (D:3)
  10 adders
  3 gnolls (D:5)
  A howler monkey skeleton (D:5)
  A shadow imp (D:6)
  2 worms (D:2)
  5 dart slugs
  10 giant geckos
  21 orcs
  16 bats
  8 giant cockroaches
  11 goblins
  9 hobgoblins
  5 jackals
  8 kobolds
  3 quokkas
  2 ball pythons
  A ball python skeleton (D:4)
  5 giant newts
  A jackal skeleton (D:8)
  A quokka skeleton (D:4)
  2 quokka zombies (D:6)
  7 rats
196 creatures vanquished.

Notes
Turn   | Place    | Note
--------------------------------------------------------------
     0 | D:1      | HaroldButt the Mummy Gladiator began the quest for the Orb.
     0 | D:1      | Reached XP level 1. HP: 16/16 MP: 1/1
   126 | D:1      | Reached XP level 2. HP: 19/22 MP: 2/2
   135 | D:1      | Reached skill level 3 in Long Blades
   777 | D:2      | Found a glowing golden altar of the Shining One.
   813 | D:2      | Found a sacrificial altar of Ru.
  1019 | D:2      | Reached XP level 3. HP: 24/27 MP: 3/3
  1528 | D:3      | Reached XP level 4. HP: 33/33 MP: 4/4
  1534 | D:3      | Noticed Robin
  1535 | D:3      | Noticed Tiamon's ghost (amateur TeSu)
  1617 | D:3      | Reached skill level 4 in Long Blades
  1891 | D:2      | Reached skill level 1 in Shields
  2130 | D:3      | Killed Robin
  2268 | D:3      | Reached XP level 5. HP: 29/38 MP: 5/5
  2506 | D:3      | Killed Tiamon's ghost
  2699 | D:3      | Found an iron altar of Okawaru.
  2711 | D:3      | Reached XP level 6. HP: 33/44 MP: 6/6
  3287 | D:4      | Reached skill level 5 in Long Blades
  3392 | D:4      | Found Qimots's Book Shop.
  3734 | D:4      | Found Mostregrez's Antique Armour Boutique.
  3741 | D:4      | Bought a shiny scale mail for 80 gold pieces
  3938 | D:4      | Found Arpho Zam's Jewellery Boutique.
  4166 | D:5      | Entered Level 5 of the Dungeon
  4220 | D:5      | Found a glowing drain.
  4250 | Sewer    | Entered a sewer
  4309 | Sewer    | Reached XP level 7. HP: 44/50 MP: 7/7
  4729 | D:5      | Reached skill level 6 in Long Blades
  4978 | D:5      | Found a runed door.
  4994 | D:5      | Found Gigi's Gadget Boutique.
  4999 | D:5      | Found a staircase to the Ecumenical Temple.
  5028 | Temple   | Entered the Ecumenical Temple
  5089 | Temple   | Became a worshipper of Gozag Ym Sagoz the Greedy
  5651 | D:6      | Reached skill level 7 in Long Blades
  5651 | D:6      | Reached XP level 8. HP: 38/56 MP: 8/8
  5687 | D:6      | Found an opulent altar of Gozag.
  6153 | D:6      | Noticed Duvessa
  6193 | D:6      | Killed Duvessa
  6193 | D:6      | Reached skill level 8 in Long Blades
  6206 | D:6      | Noticed Dowan
  6229 | D:6      | Killed Dowan
  6712 | D:6      | Noticed Menkaure
  6722 | D:6      | Killed Menkaure
  6722 | D:6      | Reached skill level 9 in Long Blades
  7264 | D:6      | Reached XP level 9. HP: 49/61 MP: 9/9
  7470 | D:6      | Noticed Crazy Yiuf
  7482 | D:6      | Killed Crazy Yiuf
  7957 | D:7      | Reached skill level 10 in Long Blades
  8796 | D:8      | Got a spiked chain mail
  8807 | D:8      | Identified the +0 chain mail of Risamotz {rPois MR+++ Str-5 Int+3} (You found it on level 8 of the Dungeon)
  9069 | D:8      | Reached skill level 5 in Dodging
  9568 | D:7      | Slain by an orc warrior

Vault maps used:
D:1:      dpeg_arrival_radiant, eino_curves_04, serial_bayou_pond_d
D:2:      grunt_temple_overflow_open
D:3:      first_bread, okawaru_ov_weapons_minmay, uniq_robin
D:4:      serial_shops, nicolae_shop_overgrown_old_shop, kennysheep_mini_moat,
          shop_fountains
D:5:      serial_shops, shop_statue, gup_sewer_entry_pipe,
          roderic_serpentine_path, lightli_church_of_beogh
D:6:      grunt_gozag_statues, uniq_menkaure, uniq_duvessa,
          uniq_crazy_yiuf_cottage
D:9:      grunt_temple_overflow_lords_of_destruction, overflow_temple_1_default
Temple:   nicolae_temple_elliptical
Sewer:    sewer_big_baddie

Skill      XL: |  1  2  3  4  5  6  7  8  9 |
---------------+----------------------------+-----
Long Blades    | 3 4 5 7 9 10 | 10.0
Shields        | 1 2 3 4 |  4.0
Dodging        | 5 |  5.5
Fighting       | |  2.0
Throwing       | |  1.5

Action                   |  1- 3 |  4- 6 |  7- 9 || total
-------------------------+-------+-------+-------++-------
Melee: Long sword        |   125 |   295 |   592 ||  1012
Throw: Stone             |     4 |       |       ||     4
       Throwing net      |       |       |     3 ||     3
Invok: Potion Petition   |       |       |     1 ||     1
  Use: Scroll            |     4 |     5 |     8 ||    17
 Stab: Held in net/web   |       |       |     1 ||     1
       Sleeping          |       |       |     1 ||     1
Armor: Leather armour    |    22 |       |    36 ||    58
       Ring mail         |    50 |    98 |       ||   148
       Scale mail        |       |    55 |   182 ||   237
Dodge: Dodged            |   108 |   180 |   227 ||   515
Block: Buckler           |     5 |    70 |   102 ||   177
